 Dungeon Crawl Stone Soup version 0.28-a0-43-g560ac104fe (webtiles) character file.

Game seed: 8486506973499631165

37 Lekart the Skirmisher (level 3, -5/33 HPs)
             Began as a Draconian Chaos Knight on July 28, 2021.
             Was a Plaything of Xom.
             Slain by Pikel (7 damage)
             ... on level 4 of the Dungeon.
             The game lasted 00:01:21 (1661 turns).

Lekart the Skirmisher (Draconian Chaos Knight)      Turns: 1661, Time: 00:01:22

Health: -5/33      AC:  5    Str: 14    XL:     3   Next: 23%
Magic:  3/3        EV:  9    Int: 12    God:    Xom [.*....]
Gold:   35         SH:  0    Dex: 11    Spells: 2/2 levels left

rFire   . . .      SeeInvis .   a - +0 falchion (chaos)
rCold   . . .      Faith    .   (no shield)
rNeg    . . .      Spirit   .   (armour unavailable)
rPois   .          Reflect  .   (helmet restricted)
rElec   .          Harm     .   (no cloak)
rCorr   .          Rampage  .   (no gloves)
Will    .....                   (no boots)
Stlth   +.........              (no amulet)
HPRegen 0.11/turn               (no ring)
MPRegen 0.08/turn               (no ring)

@: lit by a corona, about to teleport, glowing, constricted
A: AC +5, unfitting armour, cold-blooded
a: Renounce Religion


You were on level 4 of the Dungeon.
You worshipped Xom.
You were a plaything of Xom.
You visited 1 branch of the dungeon, and saw 3 of its levels.

You collected 35 gold pieces.

Inventory:

Hand Weapons
 a - a +0 falchion of chaos (weapon)
Jewellery
 e - a ring of flight
Scrolls
 b - 3 scrolls of teleportation
Potions
 c - a potion of attraction {unknown}
 d - 2 potions of might {unknown}


   Skills:
 * Level 4.1 Fighting
 + Level 3.4 Long Blades
 + Level 2.4 Dodging


You had 2 spell levels left.
You didn't know any spells.
Your spell library contained the following spells:

 Spells                   Type           Power      Damage    Failure   Level
 Corpse Rot               Necr/Air       N/A        N/A       45%         2
 Dispel Undead            Necr           0%         3d6       97%         4
 Death Channel            Necr           0%         N/A       100%        6


Dungeon Overview and Level Annotations

Branches:
Dungeon (2/15)

Altars:

Annotations:
D:4 Dowan, Duvessa, Pikel


Innate Abilities, Weirdness & Mutations

Your plain brown scales are hard. (AC +5)
You cannot fit into any form of body armour.
You are cold-blooded and may be slowed by cold attacks.


Message History

You are outlined in light.
The ball python bites you but does no damage.
The ball python barely misses you.
The lemure shouts!
You hit Dowan.
Dowan is lightly wounded.
An adder comes into view.
Dowan hits you with a +0 dagger. The ball python bites you.
The ball python grabs you. The ball python constricts you.
The black bear completely misses you. The black bear barely misses you.
The black bear claws you. Dowan hits you with a +0 dagger.
Duvessa, Sister of Dowan comes into view.
She is wielding a +0 short sword.
Duvessa shouts!
The adder hisses angrily.
You hit the ball python.
The ball python is poisoned.
The ball python is moderately wounded.
You hear a shout!
The ball python bites you. The ball python constricts you.
The ball python bites you but does no damage.
The ball python constricts you. Dowan hits you with a +0 dagger.
The black bear bites you. The black bear claws you.
The black bear barely misses you.
You closely miss the ball python. You tail-slap the ball python.
The ball python is severely wounded.
The ball python bites you but does no damage.
The ball python constricts you. The lemure hits you.
Dowan gestures wildly while chanting.
Dowan blinks!
The black bear bites you.
* * * LOW HITPOINT WARNING * * *
The black bear claws you.
* * * LOW HITPOINT WARNING * * *
The black bear claws you.
* * * LOW HITPOINT WARNING * * *
As you read the scroll labelled SYPRIR LANIHAI, it crumbles to dust.
You feel strangely unstable.
It was a scroll of teleportation.
The ball python bites you but does no damage.
* * * LOW HITPOINT WARNING * * *
The ball python constricts you.
Pikel hits you with a +2 whip of electrocution!
You die...
Xom chortles!

##### #...#
#...#
###...###
#.......#
#.......#
#....e..#
#hS.....#
#@K5....#
#e5.....#
).....g....+
#..#....S..#
##.####.#55..
# #.#......
..#......[
..#$.5.5..
...#.......


You could see Pikel, Duvessa, a black bear, 4 lemures, Dowan, an adder, a goblin
and a ball python (very poisoned).

Vanquished Creatures
  An adder (D:2)
  A worm (D:2)
  2 bats
  An endoplasm (D:1)
  A giant cockroach (D:1)
  A goblin (D:1)
  2 hobgoblins (D:1)
  4 jackals (D:2)
  2 quokkas (D:1)
  4 frilled lizards
  3 kobolds (D:1)
22 creatures vanquished.

Vanquished Creatures (collateral kills)
  A kobold (D:1)
  A rat (D:1)
2 creatures vanquished.

Grand Total: 24 creatures vanquished

Notes
Turn   | Place    | Note
-------+----------+-------------------------------------------
     0 | D:1      | Lekart the Draconian Chaos Knight began the quest for the
                  | Orb.
     0 | D:1      | Reached XP level 1. HP: 19/19 MP: 1/1
   100 | D:1      | Found a faded altar of an unknown god.
   357 | D:1      | XOM: silly message
   425 | D:1      | Reached XP level 2. HP: 26/26 MP: 2/2
   515 | D:1      | XOM: silly message
   609 | D:1      | XOM: cast spell 'Call Canine Familiar'
   624 | D:1      | HP: 1/27 [poisoned by a kobold]
   635 | D:1      | XOM: cloud trail
   965 | D:1      | XOM: 9-stop teleportation journey
  1055 | D:1      | XOM: god gift: staff of earth
  1265 | D:2      | Reached skill level 4 in Fighting
  1266 | D:2      | Reached XP level 3. HP: 33/33 MP: 3/3
  1649 | D:2      | You fall into a shaft and drop 2 floors!
  1649 | D:4      | Noticed Pikel
  1649 | D:4      | Noticed a lemure
  1649 | D:4      | Noticed a black bear
  1650 | D:4      | Noticed a lemure
  1650 | D:4      | Noticed a lemure
  1650 | D:4      | Noticed a lemure
  1655 | D:4      | Noticed Dowan
  1658 | D:4      | Noticed Duvessa
  1661 | D:4      | Slain by Pikel

Illustrated notes

Levels and vault maps discovered:
D:1:      scummos_arrival_simple_crosswalls, layout_basic,
          shapermc_ecumenical_altar_venn
D:2:      layout_basic, minmay_tetromino_l2
D:4:      layout_basic, nicolae_vehumet_altar_sigil, serial_shops, shop,
          minmay_box_of_dots, uniq_duvessa, uniq_pikel

Skill      XL: |  1  2 |
---------------+-------+-----
Fighting       | 4 |  4.1
Long Blades    | |  3.4
Dodging        | |  2.4

Action                   || total
-------------------------++-------
Melee: Falchion          ||    62
       Tailslap          ||     9
  Use: Scroll            ||     1
Armor: Skin              ||    28
Dodge: Dodged            ||    56
       Rpst.: Falchion   ||    17

Table legend: (Time is in decaauts)
 A = Elapsed time spent in this place.
 B = Non-inter-level travel time spent in this place.
 C = Inter-level travel time spent in this place.
 D = Time resting spent in this place.
 E = Time spent auto-exploring this place.
 F = Levels seen in this place.
 G = Mean time per level.
                   A        B        C        D        E       F      G
               +--------+--------+--------+--------+--------+-----+--------+
         Total |   1669 |   1624 |     45 |    675 |    785 |   3 |  556.3 |
       Dungeon |   1669 |   1624 |     45 |    675 |    785 |   3 |  556.3 |
               +--------+--------+--------+--------+--------+-----+--------+

Top non-repeatable levels by time:
     D:1: 1227 daAuts
     D:2: 429 daAuts
     D:4: 12 daAuts
